 Dungeon Crawl Stone Soup version 0.27.1-4-g1640c2035a (webtiles) character file.

Game seed: 14157349176099003294

28 Stomo444 the Skirmisher (level 2, -1/24 HPs)
             Began as a Demonspawn Monk on Nov 16, 2021.
             Succumbed to an adder's poison
             ... on level 2 of the Dungeon.
             The game lasted 00:01:08 (1234 turns).

Stomo444 the Skirmisher (Demonspawn Monk)           Turns: 1234, Time: 00:01:09

Health: -1/24      AC:  2    Str: 11    XL:     2   Next: 96%
Magic:  2/2        EV: 13    Int: 11    God:
Gold:   39         SH:  0    Dex: 15    Spells: 1/1 levels left

rFire    . . .     SeeInvis .   a - +0 mace
rCold    . . .     Faith    .   (no shield)
rNeg     . . .     Spirit   .   b - +0 robe
rPois    .         Reflect  .   (no helmet)
rElec    .         Harm     .   (no cloak)
rCorr    .         Rampage  .   (no gloves)
Will     .....                  (no boots)
Stlth    ++........             (no amulet)
HPRegen  0.08/turn              (no ring)
MPRegen  0.16/turn              (no ring)

@: lethally poisoned (-1 -> -10)
A: magic regeneration
a: no special abilities


You were on level 2 of the Dungeon.
You visited 1 branch of the dungeon, and saw 2 of its levels.

You collected 39 gold pieces.

Inventory:

Hand Weapons
 a - a +0 mace (weapon)
 e - a +1 dagger of speed
Armour
 b - a +0 robe (worn)
Scrolls
 c - a scroll of silence {unknown}
 d - 3 scrolls of identify {unknown}
 f - a scroll of magic mapping {unknown}


   Skills:
 + Level 3.4 Fighting
 + Level 3.1 Maces & Flails
 + Level 3.1 Dodging
 - Level 1.7 Stealth


You had one spell level left.
You didn't know any spells.
Your spell library was empty.

Dungeon Overview and Level Annotations

Branches:
Dungeon (2/15)

Altars:


Innate Abilities, Weirdness & Mutations

You regenerate magic rapidly.


Message History

The adder is almost dead.
You feel sick. The adder completely misses you. The adder closely misses you.
You hit the adder.
The adder is almost dead.
You feel sick. The adder completely misses you.
You miss the adder.
The adder is almost dead.
You feel sick.
You are no longer poisoned.
The adder bites you.
You are poisoned.
The adder poisons you! The adder bites you.
You are more poisoned.
The adder poisons you!
It was a potion of heal wounds.
You feel much better.
You feel very sick. The adder bites you.
Unknown command.
You completely miss the adder.
The adder is almost dead.
You feel very sick. The adder misses you. The adder bites you.
You barely miss the adder.
The adder is almost dead.
You feel sick. The adder closely misses you.
You closely miss the adder.
The adder is almost dead.
You feel sick. The adder bites you.
* * * LOW HITPOINT WARNING * * *
You are more poisoned.
The adder poisons you! The adder barely misses you.
You closely miss the adder.
The adder is almost dead.
* * * LOW HITPOINT WARNING * * *
You feel very sick. The adder barely misses you. x2
Unknown command.
You hit the adder.
You kill the adder!
You die...

....###.###
#.......#
....##....#
#.......#
###..#....#
#.......#
##.#....#
#.......####
#.#....#
#...........
#......#
#.......#
##†#.###
#..b....#
#.#.#
###.#####
#.#.# #@#
#...# #.#
##..# #.#
#..# #.#
#..########.#
##>.........#
############


You could see a bat.

Vanquished Creatures
  An adder (D:2)
  A dart slug (D:1)
  4 ball pythons
  A bat (D:1)
  4 endoplasms
  2 giant cockroaches
  3 goblins (D:1)
  4 hobgoblins (D:1)
  A frilled lizard (D:1)
  2 kobolds (D:1)
  A rat (D:1)
24 creatures vanquished.

Notes
Turn   | Place    | Note
-------+----------+-------------------------------------------
     0 | D:1      | Stomo444 the Demonspawn Monk began the quest for the Orb.
     0 | D:1      | Reached XP level 1. HP: 18/18 MP: 1/1
   124 | D:1      | Gained mutation: You regenerate magic rapidly. [demonic
                  | ancestry]
   124 | D:1      | Reached XP level 2. HP: 20/24 MP: 2/2
   168 | D:1      | Found a faded altar of an unknown god.
  1234 | D:2      | Succumbed to an adder's poison

Illustrated notes

Levels and vault maps discovered:
D:1:      dpeg_arrival_windows_large_door, layout_loops_cross,
          shapermc_ecumenical_altar_venn
D:2:      layout_basic, uniq_jessica

Skill      XL: |  1  2 |
---------------+-------+-----
Maces & Flails | 3 |  3.1
Dodging        | 3 |  3.1
Fighting       | |  3.4
Stealth        | |  1.7

Action                   || total
-------------------------++-------
Melee: Mace              ||    66
  Use: Potion            ||     1
 Stab: Sleeping          ||     4
Armor: Robe              ||     4
Dodge: Dodged            ||    47
